[ AOE2 MATCH · #470537659 ]
UnrankedBengalis vs Japanese
Player's team · LOSS
Rival team · WIN
[ REPLAY ANALYSIS · EXTRACTED FROM THE RECORDED GAME ]
Feudal
8:50
Castle
—
Imperial
—
| APM avg | 54.3 |
| APM peak | 87 |
| eAPM avg | 26.9 |
| Villagers / military | 31 / 6 |
Focus
⚔️ 61.4% · 🌾 38.6%
Archer ×5 · Skirmisher ×1
Feudal
9:19
Castle
—
Imperial
—
| APM avg | 83.8 |
| APM peak | 128 |
| eAPM avg | 30.5 |
| Villagers / military | 62 / 8 |
Focus
⚔️ 28.6% · 🌾 71.4%
Militia ×7 · Spearman ×1
Match map
Initial resources + every placement click. Lines = walls · curves = elevation contours. ◆ gold · ⬟ stone · ● berries · ✦ relic · ◌ wall gap
Your base· Open — unwalled flank
KinG-Viza's base· Open — unwalled flank
Smoothed initial terrain · ◌ = detected wall gap · hover for details
Inputs per minute
— sunsetfire - - KinG-Viza
Build order — sunsetfire
86 actions detected in the replay
| 0:00 | Queue | Villager (Male) |
| 0:00 | Queue | Villager (Male) |
| 0:01 | Queue | Villager (Male) |
| 0:02 | Build | House |
| 0:02 | Build | House |
| 0:29 | Queue | Villager (Male) |
| 0:29 | Queue | Villager (Male) |
| 1:28 | Queue | Villager (Male) |
| 1:53 | Build | Lumber Camp |
| 1:57 | Queue | Villager (Male) |
| 2:16 | Queue | Villager (Male) |
| 2:49 | Queue | Villager (Male) |
| 3:04 | Queue | Villager (Male) |
| 3:43 | Queue | Villager (Male) |
| 3:55 | Build | House |
| 3:58 | Build | House |
| 4:01 | Queue | Villager (Male) |
| 4:32 | Queue | Villager (Male) |
| 4:47 | Queue | Villager (Male) |
| 4:55 | Queue | Villager (Male) |
| 5:41 | Queue | Villager (Male) |
| 5:41 | Research | Loom |
| 6:02 | Build | Mining Camp |
| 6:38 | Research | Feudal Age |
| 6:57 | Build | House |
| 7:00 | Queue | Villager (Male) |
| 7:15 | Build | Palisade Wall |
| 7:20 | Build | Palisade Wall |
| 7:34 | Build | Palisade Wall |
| 7:53 | Build | Barracks |
| 8:50 | Age | Feudal Age |
| 8:52 | Build | Archery Range |
| 8:55 | Research | Double-Bit Axe |
| 8:55 | Research | Double-Bit Axe |
| 8:58 | Queue | Villager (Male) |
| 9:27 | Build | Mill |
| 9:31 | Queue | Villager (Male) |
| 9:34 | Queue | Archer |
| 9:50 | Build | Palisade Wall |
| 9:53 | Build | Palisade Wall |
| 9:55 | Build | Palisade Wall |
| 10:01 | Queue | Archer |
| 10:04 | Research | Town Watch |
| 10:11 | Build | Palisade Wall |
| 10:13 | Build | Palisade Wall |
| 10:19 | Queue | Archer |
| 10:22 | Build | Farm |
| 10:24 | Build | Farm |
| 10:25 | Queue | Villager (Male) |
| 10:38 | Build | Watch Tower |
| 10:47 | Queue | Villager (Male) |
| 10:49 | Build | Farm |
| 11:05 | Queue | Villager (Male) |
| 11:13 | Queue | Archer |
| 11:19 | Queue | Villager (Male) |
| 11:33 | Build | House |
| 11:51 | Build | House |
| 12:01 | Build | Blacksmith |
| 12:05 | Queue | Archer |
| 12:49 | Research | Fletching |
| 12:49 | Research | Fletching |
| 12:53 | Build | House |
| 12:54 | Queue | Villager (Male) |
| 13:18 | Build | Farm |
| 13:19 | Build | Farm |
| 13:19 | Build | Farm |
| 13:21 | Build | Farm |
| 13:37 | Queue | Skirmisher |
| 13:50 | Queue | Villager (Male) |
| 13:52 | Build | Farm |
| 14:09 | Build | Farm |
| 14:13 | Build | House |
| 14:15 | Build | Farm |
| 14:15 | Build | Farm |
| 14:19 | Queue | Villager (Male) |
| 14:44 | Build | Farm |
| 14:54 | Queue | Villager (Male) |
| 14:58 | Build | Farm |
| 15:01 | Build | Mining Camp |
| 15:13 | Queue | Villager (Male) |
| 15:23 | Queue | Villager (Male) |
| 16:02 | Queue | Villager (Male) |
| 16:22 | Build | House |
| 16:23 | Build | House |
| 16:29 | Build | Palisade Wall |
| 16:43 | Queue | Villager (Male) |
Build order — KinG-Viza
100 actions detected in the replay
| 0:01 | Queue | Villager (Male) |
| 0:01 | Queue | Villager (Male) |
| 0:02 | Build | House |
| 0:03 | Build | House |
| 0:04 | Queue | Villager (Male) |
| 0:04 | Queue | Villager (Male) |
| 1:23 | Queue | Villager (Male) |
| 1:48 | Queue | Villager (Male) |
| 1:53 | Build | Lumber Camp |
| 2:21 | Queue | Villager (Male) |
| 2:21 | Queue | Villager (Male) |
| 2:36 | Build | House |
| 2:45 | Queue | Villager (Male) |
| 2:45 | Queue | Villager (Male) |
| 2:45 | Queue | Villager (Male) |
| 3:00 | Queue | Villager (Male) |
| 3:00 | Queue | Villager (Male) |
| 3:26 | Queue | Villager (Male) |
| 3:26 | Queue | Villager (Male) |
| 3:26 | Queue | Villager (Male) |
| 4:12 | Queue | Villager (Male) |
| 4:12 | Queue | Villager (Male) |
| 4:26 | Queue | Villager (Male) |
| 4:26 | Queue | Villager (Male) |
| 4:27 | Queue | Villager (Male) |
| 5:15 | Queue | Villager (Male) |
| 5:15 | Queue | Villager (Male) |
| 5:16 | Queue | Villager (Male) |
| 5:16 | Queue | Villager (Male) |
| 5:19 | Build | Barracks |
| 5:23 | Queue | Villager (Male) |
| 5:24 | Queue | Villager (Male) |
| 5:24 | Queue | Villager (Male) |
| 5:40 | Build | Mining Camp |
| 6:10 | Queue | Villager (Male) |
| 6:14 | Build | House |
| 6:44 | Research | Loom |
| 7:09 | Research | Feudal Age |
| 7:14 | Queue | Militia |
| 7:14 | Queue | Militia |
| 7:14 | Queue | Militia |
| 7:40 | Queue | Militia |
| 7:40 | Queue | Militia |
| 8:00 | Queue | Militia |
| 8:01 | Queue | Militia |
| 9:08 | Build | Mill |
| 9:17 | Build | House |
| 9:19 | Age | Feudal Age |
| 9:23 | Research | Man-at-Arms (upgrade) |
| 9:24 | Queue | Villager (Male) |
| 9:52 | Queue | Villager (Male) |
| 9:58 | Build | House |
| 10:20 | Build | Watch Tower |
| 10:47 | Queue | Villager (Male) |
| 10:47 | Queue | Villager (Male) |
| 10:47 | Queue | Villager (Male) |
| 10:48 | Queue | Villager (Male) |
| 10:48 | Queue | Villager (Male) |
| 10:48 | Queue | Villager (Male) |
| 11:09 | Build | Mining Camp |
| 11:33 | Queue | Villager (Male) |
| 11:33 | Queue | Villager (Male) |
| 11:33 | Queue | Villager (Male) |
| 11:33 | Queue | Villager (Male) |
| 11:34 | Queue | Villager (Male) |
| 11:35 | Build | House |
| 11:56 | Queue | Villager (Male) |
| 11:56 | Queue | Villager (Male) |
| 11:56 | Queue | Villager (Male) |
| 11:57 | Queue | Villager (Male) |
| 12:13 | Build | Blacksmith |
| 12:21 | Research | Double-Bit Axe |
| 12:21 | Research | Double-Bit Axe |
| 12:21 | Queue | Villager (Male) |
| 12:51 | Queue | Villager (Male) |
| 12:55 | Build | House |
| 13:43 | Queue | Villager (Male) |
| 13:45 | Build | Archery Range |
| 13:46 | Queue | Spearman |
| 14:17 | Build | Watch Tower |
| 14:25 | Queue | Villager (Male) |
| 14:25 | Queue | Villager (Male) |
| 14:29 | Queue | Villager (Male) |
| 14:29 | Queue | Villager (Male) |
| 15:07 | Build | Farm |
| 15:08 | Build | Farm |
| 15:09 | Queue | Villager (Male) |
| 15:09 | Queue | Villager (Male) |
| 15:09 | Queue | Villager (Male) |
| 15:09 | Queue | Villager (Male) |
| 16:10 | Queue | Villager (Male) |
| 16:10 | Queue | Villager (Male) |
| 16:11 | Build | Farm |
| 16:12 | Build | Farm |
| 16:13 | Queue | Villager (Male) |
| 16:13 | Queue | Villager (Male) |
| 16:13 | Queue | Villager (Male) |
| 16:19 | Build | Farm |
| 16:21 | Build | Farm |
| 16:22 | Build | Farm |
Match timeline
| 5:19 | KinG-Viza · first_building Barracks |
| 7:15 | sunsetfire · wall_segment Palisade Wall x1 |
| 7:20 | sunsetfire · wall_segment Palisade Wall x6 |
| 7:34 | sunsetfire · wall_segment Palisade Wall x3 |
| 7:53 | sunsetfire · first_building Barracks |
| 8:50 | sunsetfire · age_up feudal |
| 8:52 | sunsetfire · first_building Archery Range |
| 9:19 | KinG-Viza · age_up feudal |
| 9:50 | sunsetfire · wall_segment Palisade Wall x1 |
| 9:53 | sunsetfire · wall_segment Palisade Wall x1 |
| 9:55 | sunsetfire · wall_segment Palisade Wall x1 |
| 10:11 | sunsetfire · wall_segment Palisade Wall x1 |
| 10:13 | sunsetfire · wall_segment Palisade Wall x1 |
| 13:45 | KinG-Viza · first_building Archery Range |
| 16:29 | sunsetfire · wall_segment Palisade Wall x1 |
| 16:51 | sunsetfire · resign |
[ AI ANALYSIS · 1 CREDIT ]
What really happened in this match?
Wolo.gg analyzes every decision: build order, eco, micro, common mistakes by bracket. Personalized analysis on WhatsApp or Discord in 30 seconds.
Civ guide
Bengalis
Perfil
Jugador #553794